 Dungeon Sprint DCSS version 0.30.1-11-g7821555f0a (webtiles) character file.

Game seed: 14656102937995812684

352 Groucho the Skirmisher (level 6, -4/35 HPs)
             Began as a Spriggan Hunter on Oct 29, 2023.
             Was a Priest of Qazlal.
             Slain by a tyrant leech (26 damage)
             ... in the Dungeon (Sprint VII: "The Pits").
             The game lasted 00:02:54 (959 turns).

Groucho the Skirmisher (Spriggan Hunter)             Turns: 959, Time: 00:02:55

Health: -4/35      AC:  2    Str:  7    XL:     6   Next: 34%
Magic:  2/12       EV: 23    Int: 11    God:    Qazlal [***...]
Gold:   0          SH:  4    Dex: 20    Spells: 5/5 levels left

rFire   . . .        a - +0 shortbow
rCold   . . .        (shield currently unavailable)
rNeg    . . .        c - +0 robe
rPois   .            (helmet restricted)
rElec   .            (no cloak)
rCorr   .            (gloves unavailable)
SInv    +            (boots unavailable)
Will    +....        (no amulet)
Stlth   ++           (no ring)
HPRegen 0.25/turn    (no ring)
MPRegen 0.13/turn

%: no teleportation
@: very quick
A: very small, no large weapons, unfitting armour, see invisible, speed 3
a: Renounce Religion, Upheaval, Elemental Force


You were in the Dungeon.
You worshipped Qazlal.
Qazlal was most pleased with you.
You visited 1 branch

Inventory:

Hand Weapons
 a - a +0 shortbow (weapon)
 f - a +0 mace
Armour
 c - a +0 robe (worn)
Scrolls
 b - a scroll of immolation
 i - a scroll of blinking
 k - 5 scrolls of amnesia
 l - a scroll of summoning
Potions
 d - 5 potions of curing
 e - 4 potions of heal wounds
 g - 3 potions of magic
 h - 3 potions of berserk rage
 j - 2 potions of invisibility


   Skills:
 + Level 4.9 Fighting
 * Level 8.9 Ranged Weapons
 + Level 7.6 Dodging
 - Level 1.5 Stealth
 * Level 7.6 Invocations


You had 5 spell levels left.
You didn't know any spells.
Your spell library was empty.

Dungeon Overview and Level Annotations

Branches:
Dungeon (1/1)

Altars:
Ashenzari
Cheibriados
Dithmenos
Elyvilon
Fedhas
Gozag
Hepliaklqana
Kikubaaqudgha
Makhleb
Nemelex Xobeh
Okawaru
Qazlal
Ru
Sif Muna
Trog
Uskayaw
Vehumet
Wu Jian
Xom
Yredelemnul
Zin
The Shining One
Jiyva
Lugonu


Innate Abilities, Weirdness & Mutations

You are very small and have problems with some larger weapons.
You are too small for most types of armour.
You have supernaturally acute eyesight. (SInv)
You cover ground extremely quickly. (Speed+++)


Message History

The ground shakes violently, spewing rubble!
The blast of rubble hits the tyrant leech.
The tyrant leech is lightly wounded.
The storm surrounding you is now too weak to repel missiles.
You will no longer adapt resistances upon receiving elemental damage.
Unknown command.
Unknown command.
Aiming: Upheaval
Press: ? - help, Dir - move target, f/p - tyrant leech
Aim: a tyrant leech (lightly wounded)
A blizzard blasts the area with ice!
The blast of ice hits the tyrant leech!!
The tyrant leech is heavily wounded.
The tyrant leech is flash-frozen.
Unknown command.
You see here a +0 club.
Aiming: Upheaval
Press: ? - help, Dir - move target, f/p - tyrant leech
Aim: a tyrant leech (heavily wounded)
The ground shakes violently, spewing rubble!
The blast of rubble hits the tyrant leech!!
The tyrant leech is almost dead.
Unknown command.
Unknown command.
You don't have enough magic at the moment.
Unknown command.
Unknown command.
Unknown command.
You shoot an arrow.
The arrow barely misses the tyrant leech.
You shoot an arrow. The arrow misses the tyrant leech.
You shoot an arrow. The arrow hits the tyrant leech!
The tyrant leech is almost dead.
You shoot an arrow.
The arrow barely misses the tyrant leech.
You shoot an arrow. The arrow hits the tyrant leech.
The tyrant leech is almost dead.
The tyrant leech bites you!!
Ouch! That really hurt!
You die...

#.#))#.....##......
#.#))#.....##......
#.#[[###'####......
#.##'#.....##...<..
#.#........##......
#.#..†....)##......
#)###########......
#)......# #######
#.@###..# #.§w....#
##.###.##+#
#.......#.+
#..###..#'#
#....w.)'.#
###########


You could see a tyrant leech.

Vanquished Creatures
  Prince Ribbit (D)
  3 orc priests (D)
  An orc wizard (D)
  A gnoll (D)
  A river rat (D)
  An ufetubus (D)
  5 orcs (D)
  A ball python (D)
  2 endoplasms (D)
  A hobgoblin (D)
  2 quokkas (D)
  A frilled lizard (D)
  A goblin (D)
  A kobold (D)
22 creatures vanquished.

Notes
Turn   | Place    | Note
-------+----------+-------------------------------------------
     0 | D        | Groucho the Spriggan Hunter began the quest for the Orb.
     0 | D        | Reached XP level 1. HP: 10/10 MP: 2/2
    42 | D        | Found a bloodstained altar of Trog.
    42 | D        | Found a shimmering blue altar of Sif Muna.
    42 | D        | Found a viscous altar of Jiyva.
    42 | D        | Found a hazy altar of Hepliaklqana.
    42 | D        | Found an opulent altar of Gozag.
    43 | D        | Found a glowing golden altar of the Shining One.
    43 | D        | Found a glowing silver altar of Zin.
    43 | D        | Found a basalt altar of Yredelemnul.
    43 | D        | Found a shimmering altar of Xom.
    43 | D        | Found an ornate altar of the Wu Jian Council.
    43 | D        | Found a sacrificial altar of Ru.
    43 | D        | Found a stormy altar of Qazlal.
    43 | D        | Found an iron altar of Okawaru.
    43 | D        | Found a sparkling altar of Nemelex Xobeh.
    43 | D        | Found a burning altar of Makhleb.
    43 | D        | Found a blossoming altar of Fedhas.
    43 | D        | Found a white marble altar of Elyvilon.
    43 | D        | Found a shadowy altar of Dithmenos.
    43 | D        | Found a snail-covered altar of Cheibriados.
    46 | D        | Found a corrupted altar of Lugonu.
    46 | D        | Found a radiant altar of Vehumet.
    47 | D        | Found an ancient bone altar of Kikubaaqudgha.
    47 | D        | Found a hide-covered altar of Uskayaw.
    47 | D        | Found a broken altar of Ashenzari.
    52 | D        | Became a worshipper of Qazlal Stormbringer
    85 | D        | Reached skill level 1 in Invocations
    89 | D        | Reached * piety under Qazlal
    95 | D        | Reached XP level 2. HP: 11/15 MP: 2/4
   279 | D        | Reached ** piety under Qazlal
   289 | D        | Reached skill level 5 in Ranged Weapons
   341 | D        | Noticed Prince Ribbit
   348 | D        | Reached *** piety under Qazlal
   349 | D        | Reached XP level 3. HP: 19/19 MP: 2/6
   391 | D        | Reached skill level 6 in Ranged Weapons
   391 | D        | Reached skill level 5 in Dodging
   391 | D        | Reached XP level 4. HP: 14/24 MP: 2/8
   397 | D        | Reached skill level 5 in Invocations
   478 | D        | Reached **** piety under Qazlal
   479 | D        | Reached skill level 7 in Ranged Weapons
   479 | D        | Reached XP level 5. HP: 19/29 MP: 8/10
   497 | D        | Killed Prince Ribbit
   498 | D        | Reached skill level 8 in Ranged Weapons
   498 | D        | Reached XP level 6. HP: 28/35 MP: 7/12
   940 | D        | Noticed a tyrant leech
   959 | D        | Slain by a tyrant leech

Illustrated notes

Levels and vault maps discovered:
D:        pitsprint [storerooms_1, entrance_room_1, metal_vault_6, armoury_2,
          mini_pit_1, grid_room_1, main_hall_1, silver_pit, the_coven_2,
          the_vestibule_1, steel_vault_2, golden_pit, hallway_of_sentries,
          crystal_vault_3, iron_vault_2, final_vault]

Skill      XL: |  1  2  3  4  5 |
---------------+----------------+-----
Dodging        | 3 4 5 7 |  7.6
Invocations    | 1 3 4 5 7 |  7.6
Fighting       | 2 3 4 |  4.9
Ranged Weapons | 5 6 7 8 |  8.9
Stealth        | |  1.5

Action                     |  1- 3 |  4- 6 || total
---------------------------+-------+-------++-------
   Fire: Shortbow          |    22 |    24 ||    46
 Invoke: Upheaval          |     3 |     9 ||    12
    Use: Potion            |     4 |     1 ||     5
 Armour: Robe              |       |     1 ||     1
  Dodge: Dodged            |     7 |    10 ||    17
  Block: Other             |       |     2 ||     2
